Map: Automaton LE

Players

RaYo

  • Race: Terran Terran
  • League: Gold
  • Spawn Location: 9:00

Kallestål - Winner!

  • Race: Zerg Zerg
  • Spawn Location: 3:00

VOD

Have the link to the VOD?

Description

Hello hello

Time

  • Played on: April 5, 2019, 2:12 p.m.
  • Length: 12:27
Show
View Real Time Build Order
Export as new Build Order

RaYo Terran 

Build Orders:  

Get SALT Encoding   

  12  0:33  Refinery  
  12  0:36  Supply Depot  
  12  0:45  SCV  
  13  0:57  SCV  
  13  0:59  Barracks  
  14  1:09  SCV  
  15  1:18  Barracks  
  15  1:21  SCV  
  15  1:47  Marine  
  16  2:05  Marine  
  16  2:19  Marine  
  17  2:28  Marine  
  18  2:37  Marine  
  16  2:45  Marine  
  17  2:54  SCV  
  17  2:55  Marine  
  19  3:03  Reaper  
  20  3:06  Refinery, SCV  
  21  3:13  Reaper  
  22  3:26  Supply Depot  
  22  3:27  Supply Depot  
  20  3:49  Supply Depot  
  18  4:12  Reaper  
  18  4:30  SCV  
  17  4:35  Bunker  
  17  4:42  SCV  
  17  4:44  Reaper  
  19  4:54  SCV  
  16  5:16  Reaper  
  9  5:41  Orbital Command  
  5  5:49  Reaper  
  6  6:03  Factory  
  6  6:07  SCV  
  7  6:23  SCV  
  8  7:19  Hellion  
  10  7:40  Hellion  
  12  8:01  Hellion  
  11  8:48  Hellion  
  13  9:10  Hellion  
  13  9:23  SCV  
  14  9:31  Factory Tech Lab  
  14  9:35  SCV  
  10  9:59  SCV  
  11  10:05  Barracks Reactor  
  11  10:29  Hellion  
  13  10:45  SCV  
  14  10:50  Siege Tank  
Show
View Real Time Build Order
Export as new Build Order

Kallestål Zerg - Winner!

Build Orders: Pool First 

Get SALT Encoding   

  12  0:01  Drone  
  13  0:25  Spawning Pool  
  12  0:31  Drone  
  13  1:09  Hatchery  
  12  1:13  Zergling x2  
  13  1:30  Hatchery  
  14  1:32  Zergling x2  
  14  1:45  Overlord  
  14  1:48  Spine Crawler  
  15  2:07  Extractor  
  13  2:09  Zergling x6  
  16  2:16  Queen  
  19  2:28  Hatchery  
  17  2:44  Zergling x4  
  18  2:53  Zergling x2  
  19  3:16  Zergling x2  
  19  3:17  Zergling x4  
  22  3:30  Hatchery  
  22  3:33  Spine Crawler  
  17  3:49  Zergling x6  
  17  3:54  Extractor  
  15  4:24  Zergling x10  
  15  4:25  Zergling x2  
  19  4:38  Zergling x2  
  19  4:46  Drone  
  19  4:47  Spine Crawler  
  19  5:14  Drone x2  
  17  5:36  Metabolic Boost  
  17  5:39  Zergling x6  
  16  5:55  Drone  
  16  5:56  Spine Crawler  
  15  6:02  Drone  
  16  6:10  Drone x2  
  16  6:24  Drone x2  
  17  6:36  Drone x2  
  19  6:48  Queen  
  21  6:58  Zergling x2  
  22  7:07  Spine Crawler  
  22  7:08  Drone  
  22  7:24  Lair  
  21  7:56  Drone  
  21  7:57  Overlord x2  
  22  8:05  Spine Crawler  
  17  8:29  Drone x3, Spire  
  19  8:39  Drone  
  20  8:57  Extractor  
  19  9:12  Spine Crawler  
  18  9:18  Queen  
  20  9:25  Drone  
  20  9:26  Drone x2  
  23  9:51  Mutalisk  
  23  9:52  Mutalisk  
  27  9:57  Queen  
  29  10:00  Overlord  
  29  10:21  Mutalisk x2  
  33  10:33  Mutalisk x2  
  37  10:41  Mutalisk  
  39  11:03  Mutalisk  
  39  12:25  Hatchery  
Tags
 
League
Gold
Matchup
TvZ
Opening
Pool First
Spawn Locations
Cross Positions
Add a new tag
Caveats
  • Supply blocks, unpowered buildings, or Contaminate may cause inaccurate times.
  • Supply counts are checked every 10 seconds.